Cool Beans, chaotic male orcish Priest -- ---- -- ---.---|..-- --. -------- -- |......|.<.| -.............G..........@).....| -----..........G.....-- |... -..........-- - ...............| |...........---..d-- --......--.. ----- |..... .-- --... -.. . -- Cool Beans the Aspirant Experience level: 2 Strength: 11 Dexterity: 14 Constitution: 12 Intelligence: 11 Wisdom: 16 Charisma: 11 Health: 0(20) Energy: 12(12) Def: 5 Gold: 511 Moves: 1264 Dungeon seed: 9sBj_Fd1xlXbXVCB Game ID: Cool Beans_1516323031 Your Inventory: Coins $ - 511 gold pieces Weapons a - a blessed +1 mace (weapon in hand) Armor e - a blessed +0 robe (being worn) n - an uncursed +0 orcish shield (being worn) y - an uncursed +0 leather armor (being worn) Comestibles c - 2 uncursed cloves of garlic d - 2 uncursed sprigs of wolfsbane i - an uncursed tripe ration j - an uncursed food ration Spellbooks f - a blessed spellbook of detect monsters g - a blessed spellbook of cure sickness Potions b - 4 potions of holy water t - an uncursed potion of booze Tools h - an uncursed oil lamp (0:1029) o - an uncursed towel Gems r - an uncursed worthless piece of violet glass z - an uncursed amber stone Boulders/Statues q - an uncursed statue of a male newt Spells and supernatural/magical abilities: Spells marked with '*' are forgotten. Spells marked with '!' are maintained. Spells marked with '#' are aliased with 'castalias'. Name Level Category Fail Memory W - pray for help -- divine ? -- X - turn undead -- divine ? -- Your skills at the end: Fighting Skills wands [Basic] Weapon Skills mace [Basic] Spellcasting Skills clerical spells [Basic] Final Attributes: You were immune to poison. You had infravision. You are dead. Vanquished creatures: an acid blob a gnome a gecko 2 kobolds 8 sewer rats 4 grid bugs 3 lichens 7 newts 27 creatures vanquished. Voluntary challenges: You were an atheist. You used a wielded weapon 20 times, starting on turn 68. You read items or engraved 2 times, starting on turn 478. You never genocided any monsters. You never polymorphed an object. You never changed form. You used no wishes. You never split a pudding. You wrote Elbereth's name 1 time, starting on turn 478. You never violated your personal moral code. Dungeon overview: The Dungeons of Doom: levels 1 to 4 Level 1 a fountain a long staircase Level 2 a fountain, a sink Level 3 Level 4 a wand shop, a fountain, a vault stairs to The Gnomish Mines The Gnomish Mines: Level 5 <- You were here stairs to The Dungeons of Doom History has recorded: On T:1 you entered the Dungeons of Doom to retrieve the Amulet of Yendor! On T:411 you reached level 2 of The Dungeons of Doom. On T:485 you advanced to experience level 2. On T:729 you reached level 3 of The Dungeons of Doom. On T:1018 you reached level 4 of The Dungeons of Doom. On T:1249 you reached level 1 of The Gnomish Mines. Score breakdown: Gold: 511 ( 9216 points) Experience: 2 levels ( 5570 points) Exploration: 5 levels ( 10.20%) ( 8660 points) Discoveries: 1 item ( 0.35%) ( 1764 points) Valuables value: (no points given unless you survive) Artifact value: 0 ( 0 points) Variety of kills: 8 monsters ( 2.11%) ( 4352 points) Turncount: 1264 turns ( 0 points) Survival: died (score multiplied by 80%) Total score: 23649 Latest messages: You miss the gnome. (2x) The gnome hits! You kill the gnome! The gnome queen shoots a crossbow bolt! You are almost hit by a crossbow bolt. You hear a distant squeak. You hit the gnome queen! The gnome queen swings her crossbow at you. The gnome queen hits! You miss the gnome queen. The gnome queen swings her crossbow at the dog. The gnome queen hits the dog. The dog bites the gnome queen. You hit the gnome queen! You hear a distant squeak. You miss the gnome queen. The gnome queen swings her crossbow at you. The gnome queen hits! You die... The statue of a male newt is empty. The statue of a male newt is empty. For some reason, you think that you can almost hear the Wizard laugh manically... Final status: Goodbye Cool Beans the Priest, killed by a gnome queen... You died in The Gnomish Mines on dungeon level 5 with 23649 points, and 511 pieces of gold, after 1264 moves. You were level 2 with a maximum of 20 hit points when you died.